Map: Nightscape LE

Players

Kehan

  • Race: Terran Terran
  • Spawn Location: 7:00

KingPele

  • Race: Protoss Protoss
  • Spawn Location: 7:00

Massa - Winner!

  • Race: Terran Terran
  • League: Platinum
  • Spawn Location: 1:00

qqq - Winner!

  • Race: Zerg Zerg
  • Spawn Location: 1:00

VOD

Have the link to the VOD?

Description

Time

  • Played on: Oct. 8, 2020, 3:25 p.m.
  • Length: 9:43
Show
View Real Time Build Order
Export as new Build Order

Kehan Terran 

Build Orders:  

Get SALT Encoding   

  12  0:00  SCV  
  13  0:18  SCV, Supply Depot  
  14  0:30  SCV  
  14  0:32  Refinery  
  15  0:42  Barracks  
  15  0:45  SCV  
  16  0:57  SCV  
  17  1:09  SCV  
  18  1:16  Barracks  
  18  1:21  SCV  
  19  1:27  Refinery  
  19  1:33  SCV  
  19  1:36  Barracks Reactor  
  20  1:45  SCV  
  21  1:52  Engineering Bay  
  21  1:57  SCV  
  22  2:05  Barracks Reactor  
  22  2:09  SCV  
  23  2:23  Supply Depot  
  23  2:29  Supply Depot  
  23  2:34  Supply Depot  
  23  2:45  SCV, Reaper x4  
  28  2:57  SCV  
  29  3:18  Reaper x2  
  31  3:21  Reaper x2  
  31  3:25  Command Center  
  33  4:02  Marine  
  33  4:03  Marine x3  
  37  4:11  Factory  
  37  4:20  Marine x2  
  37  4:21  Marine x2  
  41  4:25  Terran Infantry Weapons Level 1  
  41  4:38  Marine x2  
  41  4:48  SCV  
  41  4:58  Factory Tech Lab  
  38  5:00  SCV, Marine x4  
  32  5:18  Siege Tank  
  29  5:32  Marine x2  
  29  5:34  Marine x2  
  8  5:50  Marine x2  
  8  5:51  Marine  
  8  5:52  Marine  
  9  6:19  Terran Infantry Armor Level 1  
  9  6:22  SCV  
  9  6:34  SCV  
  10  6:40  Siege Tank  
  10  6:47  SCV  
  14  6:59  SCV  
  15  7:03  SCV  
  16  7:11  SCV  
  16  7:12  Siege Tank  
  20  7:20  SCV  
  17  7:55  SCV  
  18  8:07  SCV  
  18  8:09  Marine  
  18  8:12  Marine  
  21  8:19  SCV  
  22  8:31  SCV x2  
  24  8:43  SCV  
  24  8:45  SCV  
  26  8:55  SCV  
  27  8:57  SCV  
  28  9:07  SCV  
  28  9:09  SCV  
  30  9:12  Marine  
  30  9:13  Marine x3  
  33  9:19  SCV  
Show
View Real Time Build Order
Export as new Build Order

KingPele Protoss 

Build Orders:  

Get SALT Encoding   

  12  0:01  Probe  
  13  0:15  Pylon  
  13  0:34  Forge  
  13  0:47  Gateway  
  13  0:51  Probe  
  14  1:02  Pylon  
  14  1:03  Probe  
  15  1:16  Probe  
  16  1:24  Photon Cannon  
  16  1:39  Pylon  
  16  1:58  Photon Cannon  
  16  2:00  Photon Cannon  
  16  2:10  Pylon  
  16  2:31  Photon Cannon  
  16  2:43  Photon Cannon  
  16  2:48  Photon Cannon  
  16  2:58  Photon Cannon  
  17  3:20  Probe  
  17  3:24  Assimilator  
  17  3:32  Probe, Photon Cannon  
  17  3:44  Probe  
  18  3:54  Assimilator  
  18  3:56  Probe  
  18  4:02  Pylon  
  19  4:06  Cybernetics Core  
  19  4:08  Probe  
  20  4:20  Probe  
  21  4:32  Probe  
  22  4:49  Probe  
  23  4:58  Stargate  
  23  5:18  Photon Cannon  
  23  5:19  Photon Cannon  
  23  5:21  Photon Cannon  
  23  5:37  Void Ray  
  23  5:39  Photon Cannon  
  27  6:05  Photon Cannon  
  27  6:24  Photon Cannon  
  26  6:35  Nexus  
  26  7:59  Void Ray  
  30  8:24  Stargate  
  30  8:58  Nexus  
  30  9:13  Pylon  
Show
View Real Time Build Order
Export as new Build Order

Massa Terran - Winner!

Build Orders: Reaper Expand 

Get SALT Encoding   

  12  0:00  SCV  
  13  0:12  SCV  
  14  0:22  Supply Depot  
  14  0:25  SCV  
  15  0:45  Barracks  
  15  0:48  SCV  
  16  0:51  Refinery  
  16  1:00  SCV  
  17  1:12  SCV  
  18  1:24  SCV  
  19  1:35  Reaper  
  19  1:37  Orbital Command  
  20  2:03  Command Center  
  20  2:07  Marine  
  21  2:14  Factory  
  21  2:49  SCV  
  22  3:01  SCV  
  23  3:06  Barracks Tech Lab  
  23  3:15  SCV  
  24  3:21  Supply Depot  
  24  3:25  Engineering Bay  
  24  3:34  Refinery  
  26  3:41  Marauder  
  26  3:43  Factory Tech Lab, Stimpack  
  26  3:51  Barracks  
  26  3:54  Barracks  
  26  3:57  SCV, Barracks  
  29  4:03  Barracks, Marauder  
  29  4:08  Bunker  
  29  4:09  SCV  
  30  4:10  Siege Tank  
  33  4:21  SCV  
  36  4:24  Marauder  
  36  4:32  SCV  
  36  4:33  SCV  
  38  4:44  SCV  
  38  4:46  SCV  
  38  4:50  Marauder  
  38  4:52  Siege Tank  
  44  4:56  SCV, Marine  
  46  5:15  Supply Depot  
  46  5:19  Supply Depot  
  46  5:23  Starport  
  46  5:36  Marine x3  
  46  5:37  Marauder, Siege Tank  
  46  5:40  SCV, Marine  
  56  5:54  Orbital Command, Marine x3, Command Center  
  56  5:56  SCV  
  60  5:58  Marine x2  
  60  6:03  Combat Shield  
  62  6:23  Supply Depot x2  
  62  6:25  Supply Depot  
  62  6:29  SCV x2, Marauder, Marine x4  
  70  6:35  Terran Infantry Weapons Level 1  
  70  6:45  SCV x2  
  70  6:46  Marine  
  70  6:47  Marine x3  
  72  6:51  Marauder  
  72  6:52  Supply Depot  
  78  6:56  Supply Depot  
  78  6:57  SCV  
  78  6:59  SCV  
  80  7:03  Supply Depot  
  80  7:04  Marine x3  
  80  7:05  Siege Tank  
  80  7:06  Marine  
  87  7:09  SCV  
  87  7:12  SCV, Marauder  
  87  7:13  Orbital Command  
  91  7:21  SCV, Medivac  
  91  7:22  Marine x2  
  95  7:24  SCV, Concussive Shells  
  97  7:32  Refinery  
  97  7:33  Refinery, Marauder  
  97  7:34  SCV  
  97  7:36  SCV  
  101  7:40  Siege Tank  
  104  7:46  SCV, Marine x3  
  104  7:48  SCV  
  104  7:49  Barracks Reactor  
  109  7:54  SCV  
  109  7:55  Marauder  
  109  7:58  SCV  
  113  8:00  SCV  
  113  8:03  Marine  
  113  8:05  Marine  
  117  8:07  SCV  
  117  8:10  SCV  
  117  8:11  Armory  
  117  8:12  SCV  
  120  8:16  Barracks Tech Lab, Marauder  
  120  8:19  SCV  
  122  8:21  Widow Mine, Marine  
  122  8:22  SCV  
  122  8:23  Marine  
  122  8:24  SCV  
  128  8:36  Missile Turret  
  128  8:38  Marauder  
  128  8:39  Marine, Missile Turret  
  131  8:43  Widow Mine, Missile Turret  
  131  8:46  Missile Turret  
  131  8:47  Missile Turret  
  133  8:55  Barracks Reactor  
  133  8:56  Supply Depot x3  
  133  8:58  Supply Depot x2  
  133  8:59  Supply Depot  
  133  9:00  Supply Depot  
  133  9:10  Missile Turret  
  133  9:18  SCV x3  
  131  9:30  SCV x3  
Show
View Real Time Build Order
Export as new Build Order

qqq Zerg - Winner!

Build Orders: Hatch First 

Get SALT Encoding   

  12  0:07  Drone  
  12  0:09  Drone  
  14  0:36  Hatchery  
  14  0:42  Drone  
  14  0:57  Spawning Pool  
  13  1:02  Overlord  
  13  1:06  Drone  
  14  1:22  Drone x2, Extractor  
  15  1:34  Drone  
  15  1:36  Drone  
  17  1:50  Queen  
  19  1:54  Spine Crawler  
  19  1:58  Drone  
  19  1:59  Drone  
  19  2:07  Spine Crawler  
  17  2:09  Drone  
  17  2:11  Drone  
  19  2:18  Drone  
  20  2:45  Drone, Zergling x4  
  20  2:46  Drone x2  
  20  2:47  Drone  
  20  2:49  Metabolic Boost  
  26  2:58  Drone  
  27  3:01  Zergling x2  
  28  3:16  Overlord  
  28  3:17  Overlord  
  28  3:33  Queen  
  30  3:39  Drone x2  
  30  3:41  Drone x2  
  33  3:42  Zergling x2  
  33  3:48  Zergling x2  
  34  3:55  Zergling x2  
  35  3:56  Zergling x2  
  36  4:13  Zergling x6  
  36  4:14  Zergling x2  
  40  4:34  Zergling x4  
  40  4:35  Drone x2  
  40  4:38  Hatchery, Roach Warren  
  42  4:47  Zergling x4  
  44  5:02  Overlord x2  
  44  5:10  Zergling x2  
  43  5:28  Zergling x4  
  43  5:29  Zergling x6  
  47  6:04  Roach x4  
  52  6:05  Roach x4  
  58  6:24  Roach x4  
  64  6:29  Lair  
  60  6:35  Drone  
  60  6:36  Drone x7  
  63  6:40  Extractor  
  63  6:45  Roach  
  64  6:47  Spore Crawler  
  64  6:49  Spore Crawler  
  64  6:51  Drone  
  64  6:52  Drone x2  
  64  6:53  Drone  
  66  6:55  Overlord x4  
  66  6:56  Overlord  
  66  7:18  Drone x4, Hatchery, Extractor  
  66  7:20  Drone x2  
  66  7:21  Drone x5  
  75  7:25  Drone  
  72  7:37  Hatchery  
  67  7:50  Hydralisk Den  
  67  7:51  Drone x7  
  68  7:52  Spire  
  68  7:57  Extractor  
  69  8:03  Roach x2  
  73  8:06  Drone x3  
  76  8:22  Hatchery, Drone  
  76  8:27  Hydralisk x2, Muscular Augments  
  76  8:29  Hydralisk  
  76  8:32  Hydralisk  
  84  8:35  Hydralisk  
  84  8:37  Drone  
  84  8:38  Drone  
  84  8:40  Drone  
  89  8:42  Hydralisk  
  89  8:45  Hydralisk  
  89  8:48  Hydralisk  
  93  8:50  Drone  
  93  8:51  Drone  
  93  8:52  Zergling x2  
  93  8:54  Hatchery  
  97  9:00  Drone x3  
  97  9:01  Overlord  
  97  9:02  Hydralisk  
  100  9:04  Overlord  
  102  9:11  Hydralisk  
  102  9:13  Roach  
  102  9:14  Roach  
  102  9:16  Mutalisk  
Tags
 
Add a new tag
Caveats
  • Supply blocks, unpowered buildings, or Contaminate may cause inaccurate times.
  • Supply counts are checked every 10 seconds.